 Dungeon Crawl Stone Soup version 0.19-a0-1626-g5215c36 (webtiles) character file.

37 Amciq the Cudgeler (level 3, -8/33 HPs)
             Began as a Minotaur Monk on Sept 18, 2016.
             Mangled by Sigmund
             ... wielding a +2 scythe of protection
              (9 damage)
             ... on level 2 of the Dungeon.
             The game lasted 00:03:16 (787 turns).

Amciq the Cudgeler (Minotaur Monk)                   Turns: 787, Time: 00:03:17

Health: -8/33      AC:  2    Str: 15 (16) XL:     3   Next: 21%
Magic:  2/2        EV: 13    Int:  5 (7)  God:
Gold:   62         SH:  0    Dex: 10 (12) Spells: 0 memorised, 2 levels left

rFire  . . .     SeeInvis .     g - +0 whip
rCold  . . .     Gourm    .     b - +0 robe
rNeg   . . .     Faith    .     (no shield)
rPois  .         Spirit   .     (helmet restricted)
rElec  .         Dismiss  .     (no cloak)
rCorr  .         Reflect  .     (no gloves)
MR     .....     Harm     .     (no boots)
Stlth  +.........               (no amulet)
                                (no ring)
                                (no ring)

@: no status effects
A: retaliatory headbutt, horns 2
a: no special abilities


You were on level 2 of the Dungeon.
You were not hungry.

You visited 1 branch of the dungeon, and saw 2 of its levels.

You collected 62 gold pieces.

Inventory:

Hand Weapons
 g - a +0 whip (weapon)
Armour
 b - a +0 robe (worn)
Jewellery
 e - a +2 amulet of reflection {unknown}
Scrolls
 a - a scroll of remove curse {unknown}
 f - 3 scrolls of fear {unknown}
 i - a scroll of immolation {unknown}
 k - a scroll of enchant armour {unknown}
 m - a scroll of magic mapping {unknown}
 o - a scroll of recharging {unknown}
Comestibles
 c - 4 bread rations
 h - 7 chunks of flesh
 j - 3 fruits
 l - a beef jerky
 p - a meat ration


   Skills:
 + Level 4.0 Fighting
 + Level 4.1 Maces & Flails
 + Level 1.9 Armour
 + Level 3.5 Dodging
 + Level 1.6 Stealth


You had 2 spell levels left.
You didn't know any spells.

Dungeon Overview and Level Annotations

Branches:
Dungeon (2/15)

Altars:

Annotations:
D:2 Sigmund


Innate Abilities, Weirdness & Mutations

You reflexively headbutt those who attack you in melee.
You have a pair of horns on your head.


Message History

It was a potion of degeneration.
There was something very wrong with that liquid.
You feel weakened.
You feel dopey.
You feel clumsy.
You miss something. Something barely misses you.
It was a potion of heal wounds.
You feel much better.
You hear some strange, mumbled words.
Something tries to affect you, but you resist.
You closely miss something. Your headbutt misses something. Something hits you!
You closely miss something. You hit something but do no damage.
Something hits you.
You closely miss something. You hit something but do no damage.
Something hits you but does no damage.
You closely miss something. You headbutt something. Something hits you!!
Ouch! That really hurt!
* * * LOW HITPOINT WARNING * * *
You hit something but do no damage. Your headbutt misses something.
You barely miss something. Something hits you but does no damage.
You barely miss something. You headbutt something. You miss something.
Your headbutt misses something. Something hits you!
You die...

.### ### #.# #.. ..# #..
.. #.. ## #.. ..
############.. #.
#............> #..
##.#########...
#...####...## #....
#...{@......######..##
......####............##
..... ##.########..#
###..######.########..##
# .........##.....(...
>....>............##
#######.#########.#
#...........#
#############


There were no monsters in sight!

Vanquished Creatures
  A dart slug (D:2)
  A leopard gecko (D:1)
  A ball python (D:1)
  5 goblins
  4 hobgoblins
  2 jackals (D:1)
  2 quokkas (D:2)
  9 bats
  A frilled lizard (D:1)
  3 kobolds
  3 rats (D:1)
32 creatures vanquished.

Notes
Turn   | Place    | Note
-------+----------+-------------------------------------------
     0 | D:1      | Amciq the Minotaur Monk began the quest for the Orb.
     0 | D:1      | Reached XP level 1. HP: 19/19 MP: 0/0
   105 | D:1      | Reached skill level 1 in Armour
   140 | D:1      | Reached XP level 2. HP: 25/26 MP: 1/1
   554 | D:2      | Reached XP level 3. HP: 33/33 MP: 2/2
   768 | D:2      | Noticed Sigmund
   783 | D:2      | HP: 1/33 [something (18)]
   787 | D:2      | Mangled by Sigmund

Vault maps used:
D:1:      mrwooster_arrival_statue_2
D:2:      uniq_sigmund

Skill      XL: |  1  2  3 |
---------------+----------+-----
Armour         | 1 |  1.9
Maces & Flails | 4 |  4.1
Fighting       | 4 |  4.0
Dodging        | |  3.5
Stealth        | |  1.6

Action                   || total
-------------------------++-------
Melee: Mace              ||     9
       Whip              ||    66
       Headbutt          ||    17
  Use: Potion            ||     2
 Stab: Sleeping          ||     1
Armor: Robe              ||    16
Dodge: Dodged            ||    55
